AoeStats
← miscussi

Arabia

510876192Analyzed
1v1 RM · 11h ago on Oct 2, 2026· 36m 55s· 2 players
Game mode
Random Map
Map size
Tiny (2 player)
Population
200
Speed
Normal
Resources
Standard
Victory
Conquest
Starting age
Dark Age
Ending age
Imperial Age
RankedLock teamsTeams togetherTeam positionsShared explorationLock speedFull tech treeHidden civsTurbo modeCheats
Victory
Defeat
🇧🇷 Franks · Brazil
966
+14
🇦🇷 Magyars · Argentina
922
-14
miscussi
2:38 Loom
10:21 Feudal Age
10:59 Double-Bit Axe
17:59 Horse Collar
19:36 Bloodlines
23:33 Scale Barding Armor
27:33 Castle Age
28:41 Bow Saw
28:54 Chain Barding Armor
28:46 Husbandry
28:47 Light Cavalry
28:58 Pikeman
30:28 Wheelbarrow
31:14 Scale Mail Armor
33:36 Fletching
36:12 Chain Mail Armor
bastos021
7:05 Loom
10:07 Feudal Age
10:11 Man-at-Arms
11:04 Double-Bit Axe
24:24 Castle Age
22:44 Gold Mining
27:16 Gold Shaft Mining
26:37 Pikeman
28:02 Forging
27:59 Scale Barding Armor
27:55 Scale Mail Armor
28:14 Bow Saw
32:38 Iron Casting
35:56 Chain Barding Armor
35:52 Chain Mail Armor
Connection lost

Rejoining the realm…

Still unreachable

The connection could not be restored.

Session expired

The server has moved on; the page needs a fresh start.